 Dungeon Crawl Stone Soup version 0.31.0-32-g396128a36d (webtiles) character file.

Game seed: 7878825331502716934

249 PaiMei the Grave Robber (level 5, -4/38 HPs)
             Began as a Demonspawn Necromancer on Apr 15, 2024.
             Slain by Pikel
             ... wielding a +0 whip of flaming
              (8 damage)
             ... on level 4 of the Dungeon.
             The game lasted 00:04:56 (4759 turns).

PaiMei the Grave Robber (Demonspawn Necromancer)    Turns: 4759, Time: 00:04:57

Health: -4/38      AC:  4    Str:  8    XL:     5   Next: 86%
Magic:  1/9        EV: 13    Int: 17    God:
Gold:   201        SH:  0    Dex: 14    Spells: 6/10 levels left

rFire   . . .        v - +2 whip (elec)
rCold   . . .        (no shield)
rNeg    . . .        a - +0 robe
rPois   .            (no helmet)
rElec   .            (no cloak)
rCorr   +            (no gloves)
SInv    .            o - +0 pair of boots
Will    .....        (no amulet)
Stlth   ++           i - ring of resist corrosion
HPRegen 0.26/turn    (no ring)
MPRegen 0.22/turn

%: no passive effects
@: no status effects
A: magic regeneration, sharp scales 1
a: no special abilities


You were on level 4 of the Dungeon.
You visited 1 branch of the dungeon, and saw 4 of its levels.

You collected 201 gold pieces.

Inventory:

Hand Weapons
 j - a +4 hand axe
 u - a +0 dagger of venom
 v - a +2 whip of electrocution (weapon)
Missiles
 m - 12 poisoned darts
Armour
 a - a +0 robe (worn)
 n - a +0 kite shield
 o - a +0 pair of boots (worn)
 x - the +1 chain mail of Xom's Supremacy {Fly rPois rN+ Int+5}
   (You found it on level 3 of the Dungeon)

   Int+5:     It affects your intelligence (+5).
   rPois:     It protects you from poison rN+: It protects you from negative
   energy.
   Fly:       It grants you flight.
Jewellery
 h - a ring of ice
 i - a ring of resist corrosion (left hand)
Scrolls
 d - 6 scrolls of identify {unknown}
 e - a scroll of torment {unknown}
 g - a scroll of fog {unknown}
 p - a scroll of poison {unknown}
 r - a scroll of teleportation {unknown}
 t - a scroll of noise {unknown}
 y - a scroll of butterflies {unknown}
Potions
 b - a potion of magic
 c - a potion of degeneration {unknown}
 f - a potion of attraction {unknown}
 k - a potion of experience {unknown}
 l - 2 potions of haste {unknown}
 q - 2 potions of resistance {unknown}
 s - 2 potions of heal wounds {unknown}
 w - 2 potions of curing {unknown}
 z - a potion of enlightenment {unknown}
 A - a potion of lignification {unknown}


   Skills:
 + Level 2.1 Fighting
 + Level 3.1 Dodging
 - Level 2.4 Stealth
 + Level 3.2 Spellcasting
 + Level 5.4 Necromancy


You had 6 spell levels left.
You knew the following spells:

 Your Spells              Type           Power      Damage    Failure   Level
a - Necrotise             Necr           84%        1d8       1%          1
b - Vampiric Draining     Necr           21%        2d7       5%          3

Your spell library contained the following spells:

 Spells                   Type           Power      Damage    Failure   Level
 Sublimation of Blood     Necr           21%        N/A       2%          2
 Sandblast                Erth           4%         2d4       17%         1
 Summon Small Mammal      Summ           8%         N/A       17%         1
 Animate Dead             Necr           21%        N/A       19%         4
 Blink                    Tloc           4%         N/A       26%         2
 Lesser Beckoning         Tloc           4%         N/A       26%         2
 Momentum Strike          Conj/Tloc      4%         3d8       26%         2
 Call Canine Familiar     Summ           2%         N/A       45%         3
 Gell's Gravitas          Tloc           2%         N/A       45%         3
 Passwall                 Erth           2%         N/A       45%         3
 Sigil of Binding         Hex            2%         N/A       45%         3
 Stone Arrow              Conj/Erth      4%         3d7       45%         3
 Teleport Other           Tloc           2%         N/A       45%         3
 Curse of Agony           Necr           21%        N/A       45%         5
 Brom's Barrelling Bould  Conj/Erth      2%         2d3       86%         4
 Dimensional Bullseye     Hex/Tloc       1%         N/A       86%         4
 Petrify                  Alch/Erth      2%         N/A       86%         4
 Summon Blazeheart Golem  Fire/Summ      2%         N/A       86%         4
 Irradiate                Conj/Alch      1%         3d12      99%         5


Dungeon Overview and Level Annotations

Branches:
Dungeon (4/15)
 Temple: D:4-7

Altars:

Annotations:
D:3 3 runed translucent doors, flammie80's ghost, weakling FoMo
D:4 Pikel


Innate Abilities, Weirdness & Mutations

You regenerate magic rapidly.
You are partially covered in razor-sharp scales. (AC +1, Slay +1)


Message History

You don't have enough magic to cast this spell.
Casting: Necrotise (safe; 1% risk of failure)
Confirm with . or Enter, or press ? or * to list all spells.
You don't have enough magic to cast this spell.
Casting: Necrotise (safe; 1% risk of failure)
Confirm with . or Enter, or press ? or * to list all spells.
You don't have enough magic to cast this spell.
You hit Pikel.
Pikel is severely wounded.
Pikel hits you with a +0 whip of flaming.
Pikel burns you.
You closely miss Pikel.
Pikel is severely wounded.
Pikel hits you with a +0 whip of flaming.
Pikel burns you.
* * * LOW HITPOINT WARNING * * *
You closely miss Pikel.
Pikel is severely wounded.
Pikel hits you with a +0 whip of flaming.
* * * LOW HITPOINT WARNING * * *
Pikel burns you.
* * * LOW HITPOINT WARNING * * *
You completely miss Pikel.
Pikel is severely wounded.
Pikel misses you.
You closely miss Pikel.
Pikel is severely wounded.
Pikel hits you with a +0 whip of flaming.
* * * LOW HITPOINT WARNING * * *
Pikel burns you.
* * * LOW HITPOINT WARNING * * *
Casting: Necrotise (safe; 1% risk of failure)
Confirm with . or Enter, or press ? or * to list all spells.
Aiming: Necrotise (safe; 1% risk of failure)
Press: ? - help, Shift-Dir - straight line, f/p - Pikel
Aim: Pikel, wielding a +0 whip of flaming and wearing a +0 robe (severely wounded, chance to affect: 80%) Pikel writhes in agony.
Pikel hits you with a +0 whip of flaming!
You die...
Pikel says, "Another soul for the market."

####..........#.# #.##.#
#.# ##.....#####.#.#.#
#.##.# #.# #.###..#
#.#.#.# #.##.# #.#
#.#....# #.#.#.# #.##.#
#K# #.#.#..#
#.....####.##.# #5#
##.....#####..#.....#.##.#
#.#
##.#............#.#..##.#
#.#
#.)..##....###..###.##.#
#)# #.##.#####..@K.##
##.#.# #.# #.##.#
#####..###.##.####.#
#.##.# #....#.#.###[.....#
#.##.# #.#####...#########
#.##.# ####.# ###.# #.##..
..##.# #.# #.##.# #.##.#
#.# #.#.. #.##.# #.# #.#
#.##.#######.#######


You could see Pikel.

Vanquished Creatures
  A bombardier beetle (D:4)
  A hound (D:4)
  An iguana (D:4)
  A jelly (D:4)
  5 adders
  A white imp (D:4)
  A ribbon worm (D:2)
  7 orcs
  10 ball pythons
  4 endoplasms
  2 giant cockroaches (D:1)
  8 goblins
  A hobgoblin (D:4)
  8 kobolds
  2 quokkas
  6 bats
  4 frilled lizards
  5 rats
68 creatures vanquished.

Vanquished Creatures (collateral kills)
  A dart slug (D:2)
  An endoplasm (D:1)
  A ball python (D:1)
3 creatures vanquished.

Grand Total: 71 creatures vanquished

Notes
Turn   | Place    | Note
-------+----------+-------------------------------------------
     0 | D:1      | PaiMei the Demonspawn Necromancer began the quest for the
                  | Orb.
     0 | D:1      | Reached XP level 1. HP: 13/13 MP: 3/3
   374 | D:1      | Gained mutation: You are partially covered in razor-sharp
                  | scales. (AC +1, Slay +1) [demonic ancestry]
   374 | D:1      | Reached XP level 2. HP: 19/19 MP: 1/5
   643 | D:1      | Found a faded altar of an unknown god.
  1301 | D:2      | Reached XP level 3. HP: 23/24 MP: 0/6
  1911 | D:2      | Learned a level 3 spell: Vampiric Draining
  2424 | D:3      | Noticed flammie80's ghost (weakling FoMo)
  2455 | D:3      | Reached XP level 4. HP: 31/31 MP: 4/7
  2613 | D:3      | Found a runed translucent gate.
  2613 | D:3      | Found a runed translucent gate.
  2613 | D:3      | Found a runed translucent gate.
  2739 | D:3      | Identified the +1 chain mail of Xom's Supremacy {Fly rPois
                  | rN+ Int+5}
  3228 | D:3      | Reached skill level 1 in Fighting
  3230 | D:3      | Reached skill level 5 in Necromancy
  3527 | D:4      | Noticed a lemure
  3650 | D:4      | Gained mutation: You regenerate magic rapidly. [demonic
                  | ancestry]
  3650 | D:4      | Reached XP level 5. HP: 12/37 MP: 1/9
  4618 | D:4      | Noticed Pikel
  4618 | D:4      | Noticed a lemure
  4618 | D:4      | Noticed a lemure
  4759 | D:4      | Slain by Pikel

Illustrated notes

Levels and vault maps discovered:
D:1:      mrwooster_arrival_statue_2, layout_basic, basic_ecumenical_altar
D:2:      minmay_angry_zag, layout_rooms
D:3:      layout_basic, gammafunk_ghost_split, minmay_pentangle
D:4:      layout_loops_ring, uniq_blork_the_orc, uniq_sigmund, uniq_pikel

Skill      XL: |  1  2  3  4  5 |
---------------+----------------+-----
Stealth        | 2 |  2.4
Dodging        | 2 3 |  3.1
Fighting       | 1 2 |  2.1
Necromancy     | 5 |  5.4
Spellcasting   | 3 |  3.2

Action                     |  1- 3 |  4- 6 || total
---------------------------+-------+-------++-------
  Melee: Short sword       |     6 |       ||     6
         Whip              |       |    24 ||    24
   Cast: Necrotise         |    74 |    59 ||   133
         Vampiric Draining |       |     8 ||     8
 Armour: Robe              |    26 |    36 ||    62
  Dodge: Dodged            |    28 |    21 ||    49
